 Dungeon Crawl Stone Soup version 0.27.1-34-g3ba077fa99 (webtiles) character file.

Game seed: 10081825884605433780

4957 iwittbrodt the Fighter (level 10, -2/91 HPs)
             Began as a Red Draconian Conjurer on Jan 17, 2022.
             Was a Follower of Sif Muna.
             Shot with an arrow by something (17 damage)
             ... on level 8 of the Dungeon.
             The game lasted 00:55:46 (12177 turns).

iwittbrodt the Fighter (Red Draconian Conjurer)    Turns: 12177, Time: 00:55:46

Health: -2/91      AC:  9    Str:  9    XL:     10   Next: 28%
Magic:  19/19      EV: 12    Int: 23    God:    Sif Muna [*.....]
Gold:   384        SH:  0    Dex:  9    Spells: 10/21 levels left

rFire    + . .     SeeInvis .   a - staff of conjuration
rCold    . . .     Faith    .   (no shield)
rNeg     . . .     Spirit   .   (armour unavailable)
rPois    .         Reflect  .   (helmet restricted)
rElec    .         Harm     .   (no cloak)
rCorr    .         Rampage  .   m - +1 pair of gloves
Will     .....                  (no boots)
Stlth    ++........             h - amulet of regeneration
HPRegen  1.25/turn              (no ring)
MPRegen  0.16/turn              (no ring)

@: slowed, very slow
A: breathe fire, AC +7, unfitting armour, fire resistance 1, cold-blooded
a: Breathe Fire, Renounce Religion, Channel Magic


You were on level 8 of the Dungeon.
You worshipped Sif Muna.
Sif Muna was aware of your devotion.
You visited 2 branches of the dungeon, and saw 9 of its levels.

You collected 417 gold pieces.
You spent 33 gold pieces at shops.

Inventory:

Hand Weapons
 c - a +5 great mace of holy wrath
 A - a +2 hand axe of electrocution
Missiles
 j - 47 poisoned darts
 n - 78 sling bullets
 w - a throwing net
Armour
 m - a +1 pair of gloves (worn)
Magical Staves
 a - a staff of conjuration (weapon)
Jewellery
 b - a ring of fire
 h - an amulet of regeneration (around neck)
Wands
 g - a wand of mindburst (16)
 q - a wand of flame (19)
Scrolls
 d - 2 scrolls of teleportation
 e - a scroll of fear {unknown}
 i - a scroll of magic mapping
 r - 2 scrolls of enchant armour
 u - a scroll of amnesia
Potions
 f - 2 potions of flight {unknown}
 k - 2 potions of ambrosia
 l - 2 potions of might
 o - 3 potions of resistance
 t - 2 potions of haste {unknown}
 v - 2 potions of lignification
 x - 2 potions of curing
Miscellaneous
 p - a box of beasts


   Skills:
 + Level 9.6 Fighting
 - Level 1.7 Dodging
 - Level 1.7 Stealth
 + Level 6.4 Spellcasting
 + Level 8.4 Conjurations
 - Level 4.0 Hexes
 - Level 4.0 Translocations
 + Level 4.2 Invocations


You had 10 spell levels left.
You knew the following spells:

 Your Spells              Type           Power      Damage    Failure   Level
a - Magic Dart            Conj           100%       1d8       1%          1
b - Searing Ray           Conj           100%       3d7       1%          2
c - Iskenderun's Mystic   Conj/Tloc      52%        2d11      6%          4
d - Fulminant Prism       Conj/Hex       26%        3d14      6%          4

Your spell library contained the following spells:

 Spells                   Type           Power      Damage    Failure   Level
 Dazzling Flash           Conj/Hex       100%       N/A       1%          3
 Slow                     Hex            25%        N/A       2%          2
 Confusing Touch          Hex            25%        N/A       4%          3
 Gell's Gravitas          Tloc           12%        N/A       4%          3
 Teleport Other           Tloc           25%        N/A       4%          3
 Vampiric Draining        Necr           3%         2d6       24%         3
 Leda's Liquefaction      Hex/Erth       8%         N/A       34%         4
 Bolt of Magma            Conj/Fire/Erth 15%        4d9       58%         5
 Dispersal                Tloc           12%        N/A       94%         6
 Statue Form              Tmut/Erth      4%         N/A       100%        6


Dungeon Overview and Level Annotations

Branches:
Dungeon (8/15)             Temple (1/1) D:5
   Lair: D:8-11

Altars:
Ashenzari
Cheibriados
Dithmenos
Elyvilon
Fedhas
Gozag
Hepliaklqana
Kikubaaqudgha
Makhleb
Nemelex Xobeh
Okawaru
Qazlal
Ru
Sif Muna
Trog
Uskayaw
Vehumet
Wu Jian
Xom
Zin
The Shining One

Shops:
D:7 !

Annotations:
D:3 1 runed translucent door, Crazy Yiuf
D:8 3 runed translucent doors, Duder's ghost, novice MiBe


Innate Abilities, Weirdness & Mutations

You can breathe blasts of fire.
Your fiery red scales are hard. (AC +7)
You cannot fit into any form of body armour.
Your flesh is heat resistant. (rF+)
You are cold-blooded and may be slowed by cold attacks.


Message History

p - a box of beasts
Found a halberd.
Found 24 bolts.
A cyclops comes into view.
Found 13 arrows and a falchion.
The cyclops shouts!
You hear a shout!
The cyclops throws a large rock.
The large rock hits you!!!
Okay, then.
Found a stone staircase leading down.
Found 19 stones.
What are your orders? t - Shout!
Orders for allies: a - Attack new target. r - Retreat! s - Stop attacking. g - Guard the area. f - Follow me.
Anything else - Cancel.
Okay, then.
A centaur warrior comes into view.
The centaur warrior wields a +2 shortbow of freezing.
It is covered in frost.
The centaur warrior shoots an arrow.
The arrow hits you! The arrow freezes you.
There is a stone staircase leading down, spattered with blood here.
The centaur warrior shoots an arrow.
The arrow hits you!!
You feel yourself slow down. The arrow freezes you.
The centaur warrior shoots an arrow.
The arrow hits you!
You feel as though you will be slow longer.
The arrow freezes you.
* * * LOW HITPOINT WARNING * * *
The centaur warrior drinks a potion.
The centaur warrior flickers and vanishes!
Deactivating autopickup; reactivate with Ctrl-A.
You hear a twanging sound.
An arrow appears from out of thin air!
The arrow hits you!
* * * LOW HITPOINT WARNING * * *
You feel as though you will be slow longer.
The arrow freezes you.
* * * LOW HITPOINT WARNING * * *
You hear a twanging sound.
An arrow appears from out of thin air!
The arrow hits you!
You die...

###.<)..........######.........##
8∩##.##)...............#......C..
...#####........########(##..####
o$8# ##.#.#.#...####...#..#####
8.∩######.#.#.......##.C...###...
.$8#..............#.##.######...#
.$.###..............>.........#.#
8∩####..............#............
###."[).........@......#....#####
.#(.#####.#..#...................
..[...#...........#.#....##......
......#.....)............##......
......#..............#...........
................##.....#....#....
#######(............#..#.........
#######....####....##..#......##.
......#....# #....##..#......##.


You could see a cyclops.

Vanquished Creatures
  2 centaur warriors (D:8)
  A catoblepas (D:8)
  Grinder (D:6)
  A steam dragon (D:5)
  A water moccasin (D:6)
  3 black bears
  2 necrophages (D:7)
  4 ogres
  3 phantoms
  2 kobold brigands
  2 bullfrogs (D:7)
  5 scorpions
  2 water moccasin zombies (D:5)
  3 wights (D:8)
  A bullfrog zombie (D:6)
  2 centaur zombies
  2 jellies
  3 hounds (D:4)
  2 orc priests
  A gnoll shaman (D:8)
  3 bullfrog skeletons
  3 orc wizards (D:5)
  A howler monkey zombie (D:8)
  4 gnolls (D:8)
  7 adders
  2 shadow imps (D:6)
  An ufetubus (D:6)
  2 adder skeletons (D:4)
  2 worms
  3 dart slugs
  24 orcs
  8 bats
  5 endoplasms
  3 giant cockroaches
  4 hobgoblins
  3 jackals (D:3)
  5 quokkas
  10 ball pythons
  8 frilled lizards
  7 goblins
  11 kobolds
  5 rats
164 creatures vanquished.

Vanquished Creatures (others)
  4 fulminant prisms
  10 plants (D:5)
  4 toadstools (D:1)
18 creatures vanquished.

Grand Total: 182 creatures vanquished

Notes
Turn   | Place    | Note
-------+----------+-------------------------------------------
     0 | D:1      | iwittbrodt the Draconian Conjurer began the quest for the
                  | Orb.
     0 | D:1      | Reached XP level 1. HP: 14/14 MP: 3/3
   320 | D:1      | Found a faded altar of an unknown god.
   382 | D:1      | Reached skill level 1 in Fighting
   572 | D:1      | Reached XP level 2. HP: 23/23 MP: 1/5
   578 | D:1      | Learned a level 2 spell: Searing Ray
  1821 | D:2      | Reached XP level 3. HP: 29/29 MP: 1/6
  1933 | D:2      | Reached skill level 2 in Fighting
  2698 | D:3      | Reached XP level 4. HP: 37/37 MP: 2/7
  2976 | D:3      | Found a blossoming altar of Fedhas.
  3177 | D:3      | Noticed a phantom
  3214 | D:3      | Killed a phantom
  3215 | D:3      | Reached skill level 3 in Fighting
  3215 | D:3      | Reached skill level 5 in Conjurations
  3215 | D:3      | Reached XP level 5. HP: 22/45 MP: 0/9
  3382 | D:3      | Found a runed translucent door.
  3383 | D:3      | Noticed Crazy Yiuf
  4082 | D:4      | Noticed an ice beast
  4230 | D:4      | Noticed an ogre
  4306 | D:4      | Found a glowing silver altar of Zin.
  4658 | D:4      | Found a glowing golden altar of the Shining One.
  4776 | D:4      | Learned a level 4 spell: Iskenderun's Mystic Blast
  4967 | D:4      | Reached XP level 6. HP: 51/52 MP: 2/10
  5093 | D:4      | Reached skill level 4 in Fighting
  5214 | D:5      | Entered Level 5 of the Dungeon
  5627 | D:5      | Your scales start taking on a fiery red colour.
  5627 | D:5      | Reached XP level 7. HP: 60/60 MP: 7/12
  5627 | D:5      | Gained mutation: Your flesh is heat resistant. (rF+) [Red
                  | Draconian growth]
  5704 | D:5      | Reached skill level 5 in Fighting
  6155 | D:4      | Reached skill level 1 in Translocations
  6990 | D:5      | Reached skill level 6 in Fighting
  7023 | D:5      | Reached XP level 8. HP: 70/70 MP: 9/14
  7341 | D:5      | Found a staircase to the Ecumenical Temple.
  7362 | Temple   | Entered the Ecumenical Temple
  7613 | Temple   | Became a worshipper of Sif Muna the Loreminder
  8200 | D:6      | Found a sparkling altar of Nemelex Xobeh.
  8527 | D:6      | Reached skill level 7 in Fighting
  9018 | D:6      | Found a stormy altar of Qazlal.
  9445 | D:7      | Found a hide-covered altar of Uskayaw.
  9565 | D:7      | Found a bloodstained altar of Trog.
  9735 | D:7      | Found Woipn's Distillery.
  9742 | D:7      | Bought a potion of curing for 33 gold pieces
  9818 | D:7      | Reached skill level 1 in Invocations
  9851 | D:7      | Reached skill level 5 in Spellcasting
  9851 | D:7      | Reached XP level 9. HP: 81/81 MP: 4/16
  9943 | D:7      | Found an iron altar of Okawaru.
  9948 | D:7      | Found a sacrificial altar of Ru.
  9954 | D:6      | Reached skill level 8 in Fighting
  9955 | D:6      | Noticed Grinder
 10020 | D:6      | Killed Grinder
 10351 | D:7      | Found a shadowy altar of Dithmenos.
 10354 | D:7      | Reached * piety under Sif Muna
 10505 | D:7      | Found an ornate altar of the Wu Jian Council.
 10801 | D:8      | Learned a level 4 spell: Fulminant Prism
 10814 | D:8      | Found a runed translucent gate.
 10814 | D:8      | Found a runed translucent gate.
 10814 | D:8      | Found a runed translucent gate.
 10815 | D:8      | Found an opulent altar of Gozag.
 10815 | D:8      | Noticed a wizard
 10816 | D:8      | Noticed Duder's ghost (novice MiBe)
 10817 | D:8      | Noticed a six-headed hydra
 11145 | D:8      | Noticed a centaur warrior
 11336 | D:8      | Reached skill level 1 in Hexes
 11462 | D:8      | Noticed a centaur warrior
 11712 | D:8      | Killed a centaur warrior
 11713 | D:8      | Reached skill level 9 in Fighting
 11808 | D:8      | Noticed a catoblepas
 11811 | D:8      | Killed a centaur warrior
 11812 | D:8      | Reached XP level 10. HP: 71/91 MP: 6/19
 11954 | D:8      | Killed a catoblepas
 12146 | D:8      | Noticed a cyclops
 12173 | D:8      | Noticed a centaur warrior
 12177 | D:8      | Shot with an arrow by something

Illustrated notes

Levels and vault maps discovered:
D:1:      ldierk_walled_garden_2, layout_loops_corners, basic_ecumenical_altar,
          minmay_tripent
D:2:      layout_rooms
D:3:      layout_loops_ring, amcnicky_altar_gilded, grunt_ministairs_8,
          uniq_crazy_yiuf_cottage
D:4:      layout_basic, zin_treasury, nicolae_tso_carved_into_rock
D:5:      layout_basic, minmay_temple_entry_antechambers, serial_bayou_lake_a
D:6:      layout_basic, nemelex_diamond_rough_becter,
          mainiacjoe_overflow_catwalk, uniq_grinder
D:7:      layout_rooms, grunt_dithmenos_shadows, mainiacjoe_overflow_paths,
          trog_hazing_becter, grunt_temple_overflow_open, serial_shops, shop
D:8:      minmay_cut_squares, layout_rooms, ebering_ghost_gozag, serial_shops,
          shop_fountains, minivault_24
Temple:   jpeg_temple_island

Skill      XL: |  1  2  3  4  5  6  7  8  9 10 |
---------------+-------------------------------+-----
Fighting       | 1 2 3 4 6 7 9 |  9.6
Conjurations   | 5 6 7 8 |  8.4
Spellcasting   | 3 4 5 6 |  6.4
Translocations | 1 3 4 |  4.0
Invocations    | 1 3 4 |  4.2
Hexes          | 4 |  4.0
Dodging        | |  1.7
Stealth        | |  1.7

Action                   |  1- 3 |  4- 6 |  7- 9 | 10-12 || total
-------------------------+-------+-------+-------+-------++-------
Melee: Dagger            |     8 |    21 |       |       ||    29
       Tailslap          |     1 |     1 |     1 |       ||     3
       Staff             |     3 |     1 |     7 |       ||    11
 Cast: Magic Dart        |    65 |    65 |   127 |       ||   257
       Searing Ray       |     3 |    12 |    44 |     3 ||    62
       Fulminant Prism   |       |       |     4 |       ||     4
       Iskenderun's Myst |       |       |     2 |       ||     2
 Abil: Breathe Fire      |       |       |     3 |     1 ||     4
  Use: Scroll            |       |     4 |     8 |     3 ||    15
       Potion            |       |       |     1 |       ||     1
Armor: Skin              |    10 |    11 |    33 |     6 ||    60
Dodge: Dodged            |    24 |    38 |    52 |     3 ||   117
